 Dungeon Crawl Stone Soup version 0.20.1 (console) character file.

74 bli the Chopper (level 4, 0/41 HPs)
             Began as a Hill Orc Monk on July 2, 2017.
             Slain by an orc wizard
             ... wielding a +0 dagger
              (3 damage)
             ... on level 3 of the Dungeon.
             The game lasted 00:04:36 (2009 turns).

bli the Chopper (Hill Orc Monk)                     Turns: 2009, Time: 00:04:37

Health: 0/41       AC:  3    Str: 13    XL:     4   Next: 30%
Magic:  4/4        EV: 13    Int: 10    God:
Gold:   121        SH:  0    Dex: 14    Spells: 3/3 levels left

rFire    x . .     SeeInvis .   a - +0 hand axe
rCold    + . .     Gourm    .   (no shield)
rNeg     . . .     Faith    .   q - +0 leather armour (curse)
rPois    .         Spirit   .   (no helmet)
rElec    .         Reflect  .   (no cloak)
rCorr    .         Harm     .   (no gloves)
MR       .....                  (no boots)
Stlth    ++........             (no amulet)
Regen    0.2/turn               l - ring of ice
MPRegen  0.1/turn               (no ring)

@: slowed, very slow
A: no striking features
a: no special abilities


You were on level 3 of the Dungeon.
You were hungry.

You visited 1 branch of the dungeon, and saw 3 of its levels.

You collected 121 gold pieces.

Inventory:

Hand Weapons
 a - a +0 hand axe (weapon)
Missiles
 n - 34 stones (quivered)
Armour
 b - a +0 robe
 q - a cursed +0 leather armour (worn)
Jewellery
 l - a ring of ice (left hand)
Scrolls
 e - 2 scrolls of blinking {unknown}
 f - a scroll of immolation {unknown}
 g - a scroll of identify {unknown}
 h - a scroll of magic mapping {unknown}
 i - a scroll of enchant weapon {unknown}
 k - a scroll of amnesia {unknown}
 m - a scroll of remove curse {unknown}
 o - 2 scrolls of teleportation {unknown}
Potions
 d - a potion of heal wounds
 j - a potion of haste {unknown}
 p - a potion of agility {unknown}
Comestibles
 c - 2 bread rations
 r - a chunk of flesh


   Skills:
 + Level 4.5 Fighting
 + Level 5.1 Axes
 + Level 2.9 Dodging
 + Level 1.8 Stealth


You had 3 spell levels left.
You didn't know any spells.

Dungeon Overview and Level Annotations

Branches:
Dungeon (3/15)

Altars:

Annotations:
D:3 Natasha


Message History

The orc barely misses you.
Things that are here:
a mace; a scale mail; an orc corpse You're too confused to move!
You feel less confused. The orc closely misses you. Natasha barely misses you.
The orc hits you.
* * * LOW HITPOINT WARNING * * *
The iron imp hits you.
* * * LOW HITPOINT WARNING * * *
Something completely misses you.
You closely miss the orc. x2; You hit the iron imp but do no damage.
You barely miss Natasha. You hit something but do no damage.
The orc closely misses you. Natasha misses you. The orc closely misses you.
Something hits you.
* * * LOW HITPOINT WARNING * * *
The iron imp barely misses you. Natasha closely misses you.
The orc hits you with a whip.
* * * LOW HITPOINT WARNING * * *
The orc barely misses you.
You closely miss the orc. You hit something. You hit Natasha but do no damage.
You hit the iron imp but do no damage. You barely miss the orc.
Something hits you.
You die...

########
...... .....
..(. ..#
###.##
##....#
##..oo{##
#...5@h.#
#.......###
#.........#
##.....##.#
##.....##..#
#....<..# .#
#.......# .#
#..........#
##.....<####
##...#.#
#####...


You could see an iron imp, Natasha and 2 orcs.

Vanquished Creatures
  3 adders (D:2)
  A gnoll (D:2)
  A dart slug (D:1)
  3 leopard geckos (D:2)
  An orc (D:3)
  6 bats
  2 giant cockroaches
  2 hobgoblins
  A quokka (D:2)
  A ball python (D:2)
  3 frilled lizards
  4 goblins
  5 kobolds
  3 rats
36 creatures vanquished.

Notes
Turn   | Place    | Note
-------+----------+-------------------------------------------
     0 | D:1      | bli the Hill Orc Monk began the quest for the Orb.
     0 | D:1      | Reached XP level 1. HP: 19/19 MP: 1/1
   369 | D:1      | Reached XP level 2. HP: 18/27 MP: 2/2
   986 | D:2      | Reached XP level 3. HP: 28/33 MP: 3/3
  1590 | D:2      | Reached XP level 4. HP: 41/41 MP: 4/4
  1623 | D:2      | Reached skill level 5 in Axes
  1986 | D:3      | Noticed Natasha
  2002 | D:3      | HP: 2/41 [orc/whip (3)]
  2009 | D:3      | Slain by an orc wizard

Skill      XL: |  1  2  3  4 |
---------------+-------------+-----
Fighting       | 4 |  4.5
Axes           | 5 |  5.1
Dodging        | |  2.9
Stealth        | |  1.8

Action                   |  1- 3 |  4- 6 || total
-------------------------+-------+-------++-------
Melee: Hand axe          |   106 |    32 ||   138
  Use: Potion            |       |     1 ||     1
 Stab: Sleeping          |     6 |       ||     6
  Eat: Chunk             |     2 |     1 ||     3
Armor: Robe              |    16 |       ||    16
       Leather armour    |       |    10 ||    10
Dodge: Dodged            |    98 |    56 ||   154
